 Dungeon Crawl Stone Soup version 0.22.1-2-g9c5b331 (webtiles) character file.

130 Gearfox the Firebug (level 4, 0/33 HPs)
             Began as a Draconian Fire Elementalist on Nov 25, 2018.
             Slain by a goblin
             ... wielding a +0 dagger
             ... led by Robin
              (3 damage)
             ... on level 3 of the Dungeon.
             The game lasted 00:14:14 (3267 turns).

Gearfox the Firebug (Draconian Fire Elementalist)   Turns: 3267, Time: 00:14:14

Health: 0/33       AC:  7    Str: 10    XL:     4   Next: 90%
Magic:  1/8        EV: 12    Int: 16    God:
Gold:   157        SH:  0    Dex: 12    Spells: 6/9 levels left

rFire    + . .     SeeInvis .   f - +0 dagger
rCold    . . .     Gourm    .   (no shield)
rNeg     . . .     Faith    .   (armour unavailable)
rPois    .         Spirit   .   (helmet restricted)
rElec    .         Reflect  .   (no cloak)
rCorr    .         Harm     .   (no gloves)
MR       .....                  e - +1 pair of boots
Stlth    ++........             o - amulet of inaccuracy (curse)
HPRegen  0.11/turn              c - ring of protection from fire
MPRegen  0.11/turn              (no ring)

@: no status effects
A: unfitting armour, cold-blooded, AC +5
a: no special abilities


You were on level 3 of the Dungeon.
You were not hungry.

You visited 1 branch of the dungeon, and saw 3 of its levels.

You collected 157 gold pieces.

Inventory:

Hand Weapons
 f - a +0 dagger (weapon)
Armour
 e - a +1 pair of boots (worn)
Jewellery
 c - a ring of protection from fire (left hand)
 o - a cursed amulet of inaccuracy (around neck)
Scrolls
 g - a scroll of amnesia
Potions
 d - a potion of lignification {unknown}
 h - a potion of flight
 i - a potion of cancellation {unknown}
 j - a potion of agility {unknown}
 k - a potion of brilliance {unknown}
 l - a potion of magic {unknown}
 m - a potion of berserk rage {unknown}
 n - a potion of invisibility {unknown}
Comestibles
 b - 4 rations


   Skills:
 + Level 0.2 Fighting
 + Level 0.3 Short Blades
 - Level 1.7 Dodging
 - Level 1.7 Stealth
 + Level 0.1 Unarmed Combat
 * Level 3.2 Spellcasting
 + Level 1.5 Conjurations
 * Level 4.5 Fire Magic


You had 6 spell levels left.
You knew the following spells:

 Your Spells              Type           Power        Failure   Level  Hunger
a - Flame Tongue          Conj/Fire      ##...        5%          1    None
b - Throw Flame           Conj/Fire      ##....       8%          2    ##.....

Your spell library contained the following spells:

 Spells                   Type           Power        Failure   Level  Hunger
 Conjure Flame            Conj/Fire      ##......     16%         3    ###....
 Inner Flame              Hex/Fire       #.......     22%         3    ###....
 Sticky Flame             Conj/Fire      ##......     45%         4    ####...
 Fireball                 Conj/Fire      ##........   82%         5    ######.


Dungeon Overview and Level Annotations

Branches:
Dungeon (3/15)

Altars:

Annotations:
D:3 Robin


Innate Abilities, Weirdness & Mutations

Your plain brown scales are hard. (AC +5)
You cannot fit into any form of body armour.
You are cold-blooded and may be slowed by cold attacks.


Message History

You hit the goblin.
The goblin is heavily wounded.
The hobgoblin completely misses you.
Robin hits you from afar with a trident.
The goblin hits you with a dagger.
* * * LOW HITPOINT WARNING * * *
You closely miss the goblin.
The goblin is heavily wounded.
Robin closely misses you. The hobgoblin closely misses you.
The goblin barely misses you.
You miss the goblin.
The goblin is heavily wounded.
The goblin hits you with a dagger.
* * * LOW HITPOINT WARNING * * *
Robin hits you from afar with a trident.
* * * LOW HITPOINT WARNING * * *
The hobgoblin hits you with a club.
* * * LOW HITPOINT WARNING * * *
The goblin hits you with a dagger.
You die...

############# #.######)#
............# #.# #.#
##.########.#####.# #)#
##.####...........# #$#
#.>..........##### #g#
#######.###.#.# #.# ...#
##.....#.# #.# ##.#
#.....##.##########.# #.#
#.###....>.@...)....#
#.###.# #.##..g.gg......#
#.....###.###############
#####.....# ##..###
#####..# #.<....#
#.###.## ###.# #.#


You could see Robin, a hobgoblin and a goblin.

Vanquished Creatures
  A hound (D:3)
  Terence (D:2)
  2 adders
  An ooze (D:1)
  A worm (D:3)
  3 leopard geckos
  4 giant cockroaches
  13 goblins
  3 hobgoblins
  6 kobolds
  2 quokkas (D:2)
  3 bats
  4 frilled lizards
  7 rats
51 creatures vanquished.

Notes
Turn   | Place    | Note
-------+----------+-------------------------------------------
     0 | D:1      | Gearfox the Draconian Fire Elementalist began the quest for
                  | the Orb.
     0 | D:1      | Reached XP level 1. HP: 14/14 MP: 3/3
   169 | D:1      | Reached XP level 2. HP: 20/20 MP: 0/5
  1207 | D:2      | Learned a level 2 spell: Throw Flame
  1302 | D:2      | Reached XP level 3. HP: 16/26 MP: 0/6
  1494 | D:2      | Noticed Terence
  1578 | D:2      | HP: 1/26 [Terence/short sword (4)]
  1592 | D:2      | Killed Terence
  1592 | D:2      | Reached skill level 4 in Fire Magic
  2111 | D:2      | Reached XP level 4. HP: 33/33 MP: 5/8
  3124 | D:3      | Noticed Robin
  3267 | D:3      | Slain by a goblin

Skill      XL: |  1  2  3  4 |
---------------+-------------+-----
Fire Magic     | 4 |  4.5
Spellcasting   | 3 |  3.2
Fighting       | |  0.2
Short Blades   | |  0.3
Dodging        | |  1.7
Stealth        | |  1.7
Unarmed Combat | |  0.1
Conjurations   | |  1.5

Action                   |  1- 3 |  4- 6 || total
-------------------------+-------+-------++-------
Melee: Unarmed           |     3 |       ||     3
       Dagger            |    22 |    41 ||    63
       Tailslap          |       |     4 ||     4
 Cast: Flame Tongue      |    48 |    30 ||    78
       Throw Flame       |     3 |    10 ||    13
  Use: Scroll            |     6 |     1 ||     7
       Potion            |       |     2 ||     2
 Stab: Sleeping          |     1 |       ||     1
  Eat: Ration            |     1 |     1 ||     2
       Chunk             |     1 |     2 ||     3
Armor: Skin              |    38 |    36 ||    74
Dodge: Dodged            |    50 |    67 ||   117
